 Dungeon Crawl Stone Soup version 0.27-a0-328-g7f782ed93a (webtiles) character file.

Game seed: 13128893298913315385

22657 Ijustatesigmund the Nimble (level 13, -3/82 HPs)
             Began as a Gnoll Wanderer on Feb 11, 2021.
             Was a High Priest of Cheibriados.
             Slain by a seven-headed hydra (6 damage)
             ... on level 14 of the Dungeon.
             The game lasted 00:38:15 (17495 turns).

Ijustatesigmund the Nimble (Gnoll Wanderer)        Turns: 17495, Time: 00:38:15

Health: -3/82      AC: 13    Str: 25    XL:     13   Next: 1%
Magic:  24/24      EV: 23    Int: 31    God:    Cheibriados [*****.]
Gold:   93         SH: 13    Dex: 28    Spells: 21/27 levels left

rFire    + . .     SeeInvis .   a - +4 morningstar
rCold    + . .     Faith    .   H - +0 kite shield
rNeg     . . .     Spirit   .   d - +3 leather armour {rC+}
rPois    .         Reflect  .   J - +0 hat of Broken Taboos {rElec rF+ rCorr Int+3 Stlth-}
rElec    +         Harm     .   f - scarf {repulsion}
rCorr    +         Rampage  .   C - +0 pair of gloves
Will     .....     Rnd*Tele +   A - +0 pair of boots
Stlth    ++++......             G - amulet of regeneration
HPRegen  0.63/turn              k - +4 ring of protection
MPRegen  0.19/turn              b - ring "Agyinesh" {Str+2 Int+4 Slay+4 Stlth+}

@: about to teleport, repel missiles, very slow
A: distributed training, fangs 1, agile 1, frail 2, teleportitis 1, strong nose
a: Renounce Religion, Bend Time, Temporal Distortion, Slouch, Step From Time


You were on level 14 of the Dungeon.
You worshipped Cheibriados.
Cheibriados was extremely pleased with you.
You visited 2 branches of the dungeon, and saw 15 of its levels.
You also visited: Ossuary.

You collected 1395 gold pieces.
You spent 1302 gold pieces at shops.

Inventory:

Hand Weapons
 a - a +4 morningstar (weapon)
 m - a +2 trident of freezing
 K - a +2 scimitar of flaming
Missiles
 l - 6 silver javelins
 s - 10 curare-tipped darts (quivered)
Armour
 d - a +3 leather armour of cold resistance (worn)
 f - a scarf of repulsion (worn)
 p - +0 swamp dragon scales
 z - a +1 helmet
 A - a +0 pair of boots (worn)
 C - a +0 pair of gloves (worn)
 H - a +0 kite shield (worn)
 J - the +0 hat of Broken Taboos (worn) {rElec rF+ rCorr Int+3 Stlth-}
   (You acquired it on level 10 of the Dungeon)

   It affects your intelligence (+3).
   It protects you from fire.
   It insulates you from electricity.
   It provides partial protection from all sources of acid and corrosion.
   It makes you less stealthy.
Jewellery
 b - the ring "Agyinesh" (right hand) {Str+2 Int+4 Slay+4 Stlth+}
   (You bought it in a shop on level 10 of the Dungeon)

   [ring of slaying]

   It affects your strength (+2).
   It affects your intelligence (+4).
   It affects your accuracy and damage with ranged weapons and melee attacks
   (+4).
   It makes you more stealthy.
 k - a +4 ring of protection (left hand)
 B - a ring of flight
 G - an amulet of regeneration (around neck)
 I - a ring of willpower
 L - a +4 ring of protection
Wands
 c - a wand of charming (12)
 q - a wand of digging (5)
 w - a wand of flame (40)
 x - a wand of iceblast (10)
 y - a wand of polymorph (4)
 E - a wand of acid (5)
Scrolls
 j - 8 scrolls of identify
 n - 4 scrolls of amnesia
 o - 2 scrolls of fear
 r - 3 scrolls of fog
 t - 2 scrolls of enchant armour
 u - a scroll of teleportation
 D - a scroll of magic mapping
 M - a scroll of vulnerability {unknown}
Potions
 e - 4 potions of might
 g - a potion of flight
 h - 2 potions of lignification
 i - 3 potions of curing
 v - a potion of magic
 F - 2 potions of brilliance
 N - a potion of heal wounds


   Skills:
 + Level 10.2 Fighting
 + Level 8.3 Short Blades
 + Level 8.3 Long Blades
 + Level 7.8 Axes
 + Level 7.8 Maces & Flails
 + Level 7.8 Polearms
 + Level 7.8 Staves
 + Level 7.8 Slings
 + Level 7.8 Bows
 + Level 7.8 Crossbows
 + Level 8.3 Throwing
 + Level 7.8 Armour
 + Level 10.2 Dodging
 + Level 7.8 Stealth
 + Level 7.8 Shields
 + Level 7.8 Unarmed Combat
 + Level 7.8 Spellcasting
 + Level 6.5 Conjurations
 + Level 6.5 Hexes
 + Level 6.5 Summonings
 + Level 6.5 Necromancy
 + Level 6.5 Translocations
 + Level 6.5 Transmutations
 + Level 6.5 Fire Magic
 + Level 6.5 Ice Magic
 + Level 6.5 Air Magic
 + Level 6.5 Earth Magic
 + Level 6.5 Poison Magic
 + Level 8.6 Invocations
 + Level 8.3 Evocations


You had 21 spell levels left.
You knew the following spells:

 Your Spells              Type           Power        Failure   Level
a - Magic Dart            Conj           100%         1%          1
b - Blink                 Tloc           N/A          1%          2
c - Mephitic Cloud        Conj/Pois/Air  51%          2%          3

Your spell library contained the following spells:

 Spells                   Type           Power        Failure   Level
 Corona                   Hex            56%          1%          1
 Foxfire                  Conj/Fire      100%         1%          1
 Call Imp                 Summ           51%          1%          2
 Ensorcelled Hibernation  Hex/Ice        100%         1%          2
 Slow                     Hex            51%          1%          2
 Confusing Touch          Hex            51%          2%          3
 Conjure Flame            Conj/Fire      51%          2%          3
 Dazzling Flash           Conj/Hex       100%         2%          3
 Inner Flame              Hex/Fire       51%          2%          3
 Tukima's Dance           Hex            51%          2%          3
 Sticky Flame             Conj/Fire      51%          8%          4
 Bolt of Magma            Conj/Fire/Erth 25%          22%         5
 Fireball                 Conj/Fire      25%          22%         5
 Iskenderun's Battlesphe  Conj           51%          22%         5
 Iron Shot                Conj/Erth      25%          75%         6
 Orb of Destruction       Conj           25%          100%        7
 Spellforged Servitor     Conj/Summ      25%          100%        7


Dungeon Overview and Level Annotations

Branches:
Dungeon (14/15)            Temple (1/1) D:5            Lair (0/6) D:11
    Orc (0/2) D:11         Vaults (0/5) D:13        Ossuary (visited)

Altars:
Ashenzari
Cheibriados
Dithmenos
Elyvilon
Fedhas
Gozag
Hepliaklqana
Kikubaaqudgha
Makhleb
Nemelex Xobeh
Okawaru
Qazlal
Ru
Sif Muna
Trog
Uskayaw
Vehumet
Wu Jian
Xom
Yredelemnul
Zin
The Shining One

Shops:
D:4 :   D:8 (   D:10 =   D:11 :   D:13 (

Annotations:
D:5 exclusion: oklob plant
D:9 2 runed translucent doors, supsnack's ghost, novice DsGl
D:14 Roxanne


Innate Abilities, Weirdness & Mutations

Your experience applies equally to all skills.
You have very sharp teeth.
Your uncanny sense of smell can sniff out nearby items.
You are agile. (Dex +2)
You are very frail. (-20% HP)
You are occasionally teleported next to monsters.


Message History

The seven-headed hydra moves out of view.
Found 16 stones, a worn glass wand and a scale mail.
There is an open door here.
A seven-headed hydra is nearby!
You see here 16 stones.
The seven-headed hydra bites you!
The seven-headed hydra barely misses you.
The seven-headed hydra bites you!
The seven-headed hydra bites you but does no damage.
The seven-headed hydra bites you!
The seven-headed hydra closely misses you.
The seven-headed hydra bites you.
You barely miss the seven-headed hydra. The seven-headed hydra bites you.
The seven-headed hydra closely misses you.
The seven-headed hydra bites you.
The seven-headed hydra closely misses you.
You block the seven-headed hydra's attack.
The seven-headed hydra closely misses you.
The seven-headed hydra bites you.
The seven-headed hydra bites you but does no damage. x2
The seven-headed hydra completely misses you.
The seven-headed hydra closely misses you.
The seven-headed hydra misses you. The seven-headed hydra bites you!
The seven-headed hydra bites you.
You hit the seven-headed hydra. You bite the seven-headed hydra.
The seven-headed hydra is lightly wounded.
The seven-headed hydra bites you but does no damage. x2
The seven-headed hydra bites you!
* * * LOW HITPOINT WARNING * * *
The seven-headed hydra bites you but does no damage.
You block the seven-headed hydra's attack. x3
As you read the scroll of teleportation, it crumbles to dust.
You feel strangely unstable.
The seven-headed hydra barely misses you.
The seven-headed hydra bites you!
* * * LOW HITPOINT WARNING * * *
The seven-headed hydra misses you. The seven-headed hydra bites you.
* * * LOW HITPOINT WARNING * * *
The seven-headed hydra bites you.
You die...

##########.##
#.# #.# ##'##
##(..##
##.....##
##....../#
#....[....#
+.@.......+
#D........#
##.......##
##.....##
##...## #+##


You could see a seven-headed hydra.

Vanquished Creatures
  Harold (D:8)
  4 vault guards (D:13)
  A hydra (D:13)
  A centaur warrior (D:14)
  Erica (D:8)
  A two-headed ogre (D:13)
  Sonja (D:10)
  An unseen horror (D:12)
  3 ugly things
  3 cyclopes
  Joseph (D:8)
  Psyche (D:9)
  A kobold demonologist (D:12)
  An efreet (D:13)
  3 meliai (D:13)
  2 trolls
  6 yaks (D:12)
  3 wraiths
  Sigmund (D:5)
  A wyvern (D:14)
  2 sky beasts
  2 vampire mosquitoes (D:12)
  A steam dragon (D:12)
  2 wargs (D:11)
  An acid dragon (D:14)
  2 water moccasins
  Duvessa (D:6)
  5 ice beasts
  5 orc warriors
  A necrophage (D:5)
  6 ogres
  2 black bears
  13 centaurs
  2 phantoms
  4 elf zombies (Ossuary)
  3 kobold brigands
  Blork the orc (D:6)
  7 bullfrogs
  2 gnoll sergeants
  Dowan (D:6)
  4 scorpions
  9 killer bees
  4 wights (D:9)
  An electric eel (D:7)
  2 howler monkeys
  6 centaur zombies
  3 bullfrog zombies
  A quasit (D:9)
  4 centaur skeletons
  8 hounds
  7 orc priests
  3 jellies
  4 human zombies (Ossuary)
  Crazy Yiuf (D:3)
  5 iguanas
  Terence (D:3)
  4 bullfrog skeletons
  9 orc wizards
  5 worker ants
  A killer bee zombie (D:6)
  3 mummies (Ossuary)
  A worker ant zombie (D:10)
  9 adders
  6 gnolls
  A howler monkey skeleton (D:6)
  2 shadow imps
  3 ufetubi
  An ooze (D:3)
  2 adder zombies
  4 adder skeletons
  2 worms
  2 dart slugs (D:1)
  4 leopard geckos
  53 orcs
  6 bats
  6 giant cockroaches
  7 goblins
  4 hobgoblins
  21 jackals
  20 kobolds
  4 quokkas
  2 ball pythons
  2 frilled lizards
  A leopard gecko skeleton (D:4)
  A leopard gecko zombie (D:6)
  8 rats
357 creatures vanquished.

Vanquished Creatures (collateral kills)
  2 killer bees (D:7)
  An electric eel (D:7)
3 creatures vanquished.

Vanquished Creatures (others)
  A killer bee (D:7)
  An electric eel (D:7)
  2 fungi (D:5)
  36 plants (D:7)
40 creatures vanquished.

Grand Total: 400 creatures vanquished

Notes
Turn   | Place    | Note
-------+----------+-------------------------------------------
     0 | D:1      | Ijustatesigmund the Gnoll Wanderer began the quest for the
                  | Orb.
     0 | D:1      | Ijustatesigmund set off with the following items: a +0
                  | falchion, a scroll of teleportation, a wand of charming
                  | (15), a +0 robe
     0 | D:1      | Reached XP level 1. HP: 23/23 MP: 1/1
   219 | D:1      | Reached XP level 2. HP: 29/29 MP: 2/2
   658 | D:2      | Reached XP level 3. HP: 21/35 MP: 3/3
   947 | D:2      | Noticed a scorpion
   959 | D:2      | Killed a scorpion
   960 | D:2      | Reached skill level 1 in Axes
   960 | D:2      | Reached skill level 1 in Maces & Flails
   960 | D:2      | Reached skill level 1 in Polearms
   960 | D:2      | Reached skill level 1 in Staves
   960 | D:2      | Reached skill level 1 in Slings
   960 | D:2      | Reached skill level 1 in Bows
   960 | D:2      | Reached skill level 1 in Crossbows
   960 | D:2      | Reached skill level 1 in Armour
   960 | D:2      | Reached skill level 1 in Stealth
   960 | D:2      | Reached skill level 1 in Shields
   960 | D:2      | Reached skill level 1 in Unarmed Combat
   960 | D:2      | Reached skill level 1 in Spellcasting
   960 | D:2      | Reached skill level 1 in Invocations
   960 | D:2      | Reached XP level 4. HP: 30/41 MP: 5/5
  1178 | D:2      | Reached skill level 1 in Conjurations
  1178 | D:2      | Reached skill level 1 in Hexes
  1178 | D:2      | Reached skill level 1 in Summonings
  1178 | D:2      | Reached skill level 1 in Necromancy
  1178 | D:2      | Reached skill level 1 in Translocations
  1178 | D:2      | Reached skill level 1 in Transmutations
  1178 | D:2      | Reached skill level 1 in Fire Magic
  1178 | D:2      | Reached skill level 1 in Ice Magic
  1178 | D:2      | Reached skill level 1 in Air Magic
  1178 | D:2      | Reached skill level 1 in Earth Magic
  1178 | D:2      | Reached skill level 1 in Poison Magic
  2023 | D:3      | Reached XP level 5. HP: 45/47 MP: 6/6
  2195 | D:3      | Noticed Terence
  2208 | D:3      | Killed Terence
  2837 | D:3      | Found a runed translucent door.
  2838 | D:3      | Noticed Crazy Yiuf
  2850 | D:3      | Killed Crazy Yiuf
  2962 | D:4      | Reached XP level 6. HP: 39/53 MP: 8/8
  3386 | D:4      | Found an iron altar of Okawaru.
  3389 | D:4      | Found a broken altar of Ashenzari.
  3390 | D:4      | Found a basalt altar of Yredelemnul.
  3391 | D:4      | Found a sacrificial altar of Ru.
  3392 | D:4      | Found a hazy altar of Hepliaklqana.
  3393 | D:4      | Found a burning altar of Makhleb.
  3393 | D:4      | Found an ornate altar of the Wu Jian Council.
  3394 | D:4      | Found a shimmering blue altar of Sif Muna.
  3522 | D:4      | Found a hide-covered altar of Uskayaw.
  3527 | D:4      | Found a shimmering altar of Xom.
  3564 | D:4      | Found Exkufoam's Book Shoppe.
  3603 | D:5      | Entered Level 5 of the Dungeon
  3603 | D:5      | Found a staircase to the Ecumenical Temple.
  3617 | D:5      | Noticed an ice beast
  3623 | D:5      | Killed an ice beast
  3624 | D:5      | Reached XP level 7. HP: 23/60 MP: 10/10
  3870 | D:5      | Noticed Sigmund
  3879 | D:5      | Killed Sigmund
  3880 | D:5      | Reached XP level 8. HP: 57/67 MP: 10/12
  4082 | D:5      | Found a bloodstained altar of Trog.
  4129 | D:5      | Found a sand-covered staircase.
  4185 | Ossuary  | Entered an ossuary
  4813 | Ossuary  | Reached XP level 9. HP: 69/72 MP: 14/14
  5032 | D:5      | Learned a level 1 spell: Magic Dart
  5035 | D:5      | Learned a level 2 spell: Blink
  5262 | D:5      | Found a blossoming altar of Fedhas.
  5288 | D:5      | Noticed an oklob plant
  5473 | D:6      | Noticed Blork the orc
  5476 | D:6      | Killed Blork the orc
  5522 | D:6      | Noticed Duvessa
  5523 | D:6      | Noticed Dowan
  5525 | D:6      | Killed Duvessa
  5568 | D:5      | Gained mutation: You are occasionally teleported next to
                  | monsters. [potion of mutation]
  5568 | D:5      | Gained mutation: You possess an exceptional clarity of
                  | mind. [potion of mutation]
  5568 | D:5      | Gained mutation: Potions are less effective at restoring
                  | your health. [potion of mutation]
  5568 | D:5      | Gained mutation: Your mind is acute. (Int +2) [potion of
                  | mutation]
  5612 | D:6      | Killed Dowan
  5773 | D:6      | Reached skill level 5 in Short Blades
  5773 | D:6      | Reached skill level 5 in Long Blades
  5773 | D:6      | Reached skill level 5 in Throwing
  5773 | D:6      | Reached skill level 5 in Evocations
  6671 | D:7      | Reached skill level 5 in Invocations
  7346 | D:7      | Reached XP level 10. HP: 66/80 MP: 17/17
  7890 | Temple   | Entered the Ecumenical Temple
  7938 | Temple   | Became a worshipper of Cheibriados the Contemplative
  8953 | D:8      | Found Feureh's Weapon Boutique.
  9030 | D:8      | Reached skill level 5 in Axes
  9030 | D:8      | Reached skill level 5 in Maces & Flails
  9030 | D:8      | Reached skill level 5 in Polearms
  9030 | D:8      | Reached skill level 5 in Staves
  9030 | D:8      | Reached skill level 5 in Slings
  9030 | D:8      | Reached skill level 5 in Bows
  9030 | D:8      | Reached skill level 5 in Crossbows
  9030 | D:8      | Reached skill level 5 in Armour
  9030 | D:8      | Reached skill level 5 in Stealth
  9030 | D:8      | Reached skill level 5 in Shields
  9030 | D:8      | Reached skill level 5 in Unarmed Combat
  9030 | D:8      | Reached skill level 5 in Spellcasting
  9090 | D:8      | Noticed Erica
  9096 | D:8      | Killed Erica
  9273 | D:8      | Noticed Joseph
  9296 | D:8      | Killed Joseph
 10195 | D:8      | Reached * piety under Cheibriados
 10267 | D:8      | Noticed Harold
 10287 | D:8      | Killed Harold
 10913 | D:9      | Reached XP level 11. HP: 77/87 MP: 19/19
 11044 | D:9      | Found a large runed translucent door.
 11044 | D:9      | Found a large runed translucent door.
 11048 | D:9      | Noticed supsnack's ghost (novice DsGl)
 11170 | D:9      | Noticed Psyche
 11181 | D:9      | Killed Psyche
 11487 | D:9      | Reached ** piety under Cheibriados
 11488 | D:9      | Reached skill level 5 in Conjurations
 11488 | D:9      | Reached skill level 5 in Hexes
 11488 | D:9      | Reached skill level 5 in Summonings
 11488 | D:9      | Reached skill level 5 in Necromancy
 11488 | D:9      | Reached skill level 5 in Translocations
 11488 | D:9      | Reached skill level 5 in Transmutations
 11488 | D:9      | Reached skill level 5 in Fire Magic
 11488 | D:9      | Reached skill level 5 in Ice Magic
 11488 | D:9      | Reached skill level 5 in Air Magic
 11488 | D:9      | Reached skill level 5 in Earth Magic
 11488 | D:9      | Reached skill level 5 in Poison Magic
 11830 | D:8      | Lost mutation: Potions are less effective at restoring your
                  | health. [potion of mutation]
 11830 | D:8      | Lost mutation: Your mind is acute. (Int +2) [potion of
                  | mutation]
 11830 | D:8      | Lost mutation: You possess an exceptional clarity of mind.
                  | [potion of mutation]
 11830 | D:8      | Gained mutation: You are frail. (-10% HP) [potion of
                  | mutation]
 11830 | D:8      | Gained mutation: You are very frail. (-20% HP) [potion of
                  | mutation]
 11830 | D:8      | Gained mutation: You are agile. (Dex +2) [potion of
                  | mutation]
 11868 | D:10     | Entered Level 10 of the Dungeon
 12026 | D:10     | Noticed Sonja
 12037 | D:10     | Killed Sonja
 12201 | D:10     | Found Arioz's Jewellery Emporium.
 12337 | D:10     | Identified a scroll of acquirement
 12337 | D:10     | Acquired the +0 hat of Broken Taboos {rElec rF+ rCorr Int+3
                  | Stlth-}
 12728 | D:11     | Reached *** piety under Cheibriados
 12729 | D:11     | Noticed a green ugly thing
 12741 | D:11     | Killed a green ugly thing
 12822 | D:11     | Learned a level 3 spell: Mephitic Cloud
 13005 | D:11     | Found a staircase to the Lair.
 13076 | D:11     | Found a staircase to the Orcish Mines.
 13124 | D:11     | Found Xiffy's Book Shoppe.
 13153 | D:11     | Noticed a cyclops
 13161 | D:11     | Killed a cyclops
 13560 | D:12     | Noticed a cyclops
 13643 | D:12     | Killed a cyclops
 14032 | D:12     | Reached **** piety under Cheibriados
 14180 | D:12     | Killed an unseen horror
 14366 | D:12     | Noticed a white ugly thing
 14381 | D:12     | Killed a white ugly thing
 14557 | D:12     | Reached XP level 12. HP: 53/76 MP: 22/22
 14730 | D:12     | Acquired 656 gold pieces
 14858 | D:10     | Bought the ring "Agyinesh" {Str+2 Int+4 Slay+4 Stlth+} for
                  | 1302 gold pieces
 15366 | D:13     | Found a gate to the Vaults.
 15366 | D:13     | Noticed a vault guard
 15366 | D:13     | Noticed a vault guard
 15366 | D:13     | Noticed a vault guard
 15366 | D:13     | Noticed a four-headed hydra
 15367 | D:13     | Noticed a vault guard
 15625 | D:13     | Reached ***** piety under Cheibriados
 15799 | D:13     | Killed a vault guard
 15813 | D:13     | Killed a vault guard
 15913 | D:13     | Killed a four-headed hydra
 16153 | D:13     | Killed a vault guard
 16154 | D:13     | Reached skill level 10 in Fighting
 16154 | D:13     | Reached skill level 10 in Dodging
 16265 | D:13     | HP: 2/77 [vault guard/+2 long sword (21)]
 16266 | D:13     | Killed a vault guard
 16524 | D:13     | Found Qatuoticw's Weapon Emporium.
 16576 | D:13     | Noticed a two-headed ogre
 16586 | D:13     | Killed a two-headed ogre
 17179 | D:14     | Noticed a centaur warrior
 17197 | D:14     | Killed a centaur warrior
 17198 | D:14     | Reached XP level 13. HP: 71/82 MP: 24/24
 17328 | D:14     | Noticed Roxanne
 17495 | D:14     | HP: 3/82 [seven-headed hydra (4)]
 17495 | D:14     | Slain by a seven-headed hydra

Illustrated notes

Levels and vault maps discovered:
D:1:      dpeg_arrival_arbitrary_c, layout_basic
D:2:      layout_basic
D:3:      layout_basic, uniq_terence, uniq_crazy_yiuf_cottage
D:4:      layout_rooms, grunt_temple_overflow_open, minitemple, serial_shops,
          shop, minivault_19, kennysheep_generic_room_14
D:5:      layout_cave_pools, marbit_many_paths, tgw_fedhas,
          minmay_temple_entry_tees, nicolae_ossuary_entry_false_entrances,
          cheibrodos_sewer_entry_drain, uniq_sigmund
D:6:      layout_basic, chequers_serial_rivers_micro_a, uniq_blork_the_orc,
          uniq_duvessa
D:7:      layout_loops_corners, hangedman_decor_push, serial_bayou_lagoon_a
D:8:      layout_gridville, serial_shops, kennysheep_mini_moat,
          hangedman_decor_lopped, uniq_erica, uniq_harold, uniq_joseph
D:9:      layout_stronghold, ebering_ghost_disaster_area, item_on_display_a,
          uniq_psyche
D:10:     layout_long_grid, serial_shops, nicolae_shop_waterfront,
          chequers_serial_rivers_large_a, uniq_sonja
D:11:     layout_basic, lair_entry_dummy, erik_orc_4, serial_shops,
          kennysheep_mini
D:12:     layout_long_grid
D:13:     layout_stronghold, lightli_vaults_fourway_checkpoint, serial_shops,
          nicolae_shop_waterfront, minmay_door_square, minmay_misc_feat_chi
D:14:     layout_loops_corners, small_statue_intersection, uniq_roxanne
Temple:   jpeg_temple_alley_garden

Skill      XL: |  1  2  3  4  5  6  7  8  9 10 11 12 |
---------------+-------------------------------------+-----
Axes           | 1 2 3 4 5 6 7 |  7.8
Maces & Flails | 1 2 3 4 5 6 7 |  7.8
Polearms       | 1 2 3 4 5 6 7 |  7.8
Staves         | 1 2 3 4 5 6 7 |  7.8
Slings         | 1 2 3 4 5 6 7 |  7.8
Bows           | 1 2 3 4 5 6 7 |  7.8
Crossbows      | 1 2 3 4 5 6 7 |  7.8
Armour         | 1 2 3 4 5 6 7 |  7.8
Stealth        | 1 2 3 4 5 6 7 |  7.8
Shields        | 1 2 3 4 5 6 7 |  7.8
Unarmed Combat | 1 2 3 4 5 6 7 |  7.8
Spellcasting   | 1 2 3 4 5 6 7 |  7.8
Invocations    | 1 2 3 4 5 6 7 8 |  8.6
Conjurations   | 1 2 3 4 5 6 |  6.5
Hexes          | 1 2 3 4 5 6 |  6.5
Summonings     | 1 2 3 4 5 6 |  6.5
Necromancy     | 1 2 3 4 5 6 |  6.5
Translocations | 1 2 3 4 5 6 |  6.5
Transmutations | 1 2 3 4 5 6 |  6.5
Fire Magic     | 1 2 3 4 5 6 |  6.5
Ice Magic      | 1 2 3 4 5 6 |  6.5
Air Magic      | 1 2 3 4 5 6 |  6.5
Earth Magic    | 1 2 3 4 5 6 |  6.5
Poison Magic   | 1 2 3 4 5 6 |  6.5
Short Blades   | 3 4 5 6 7 8 |  8.3
Long Blades    | 3 4 5 6 7 8 |  8.3
Throwing       | 3 4 5 6 7 8 |  8.3
Evocations     | 3 4 5 6 7 8 |  8.3
Fighting       | 7 8 9 10 | 10.2
Dodging        | 7 8 9 10 | 10.2

Action                   |  1- 3 |  4- 6 |  7- 9 | 10-12 | 13-15 || total
-------------------------+-------+-------+-------+-------+-------++-------
Melee: Falchion          |    72 |   101 |       |       |       ||   173
       Bite              |     7 |    22 |    50 |   121 |     4 ||   204
       Flail             |       |    23 |       |    26 |       ||    49
       Quarterstaff      |       |    53 |   383 |     4 |       ||   440
       Trident           |       |       |       |   178 |       ||   178
       Morningstar       |       |       |       |   503 |    10 ||   513
       Punch             |       |       |       |    27 |       ||    27
Throw: Dart              |       |       |    18 |    25 |       ||    43
 Cast: Mephitic Cloud    |       |       |       |     5 |       ||     5
Invok: Slouch            |       |       |       |     3 |       ||     3
Evoke: Wand              |       |       |     2 |    15 |       ||    17
  Use: Scroll            |     5 |     8 |     5 |    11 |     1 ||    30
       Potion            |       |       |     2 |     8 |       ||    10
 Stab: Invisible         |       |     1 |       |       |       ||     1
       Paralysed         |       |       |     6 |     6 |       ||    12
       Petrifying        |       |       |     1 |       |       ||     1
       Sleeping          |       |       |       |    15 |     1 ||    16
       Distracted        |       |       |       |     2 |       ||     2
       Confused          |       |       |       |     1 |       ||     1
Armor: Robe              |    13 |       |       |       |       ||    13
       Chain mail        |    20 |   152 |   205 |    51 |       ||   428
       Leather armour    |       |       |       |   231 |     6 ||   237
Dodge: Dodged            |    50 |    98 |   175 |  1000 |    15 ||  1338
       Repelled          |       |       |     1 |     2 |       ||     3
Block: Kite shield       |       |       |       |    33 |    13 ||    46
       Rpst.: Falchion   |    19 |    16 |       |       |       ||    35

Table legend: (Time is in decaauts)
 A = Elapsed time spent in this place.
 B = Non-inter-level travel time spent in this place.
 C = Inter-level travel time spent in this place.
 D = Time resting spent in this place.
 E = Time spent auto-exploring this place.
 F = Levels seen in this place.
 G = Mean time per level.
                   A        B        C        D        E       F      G
               +--------+--------+--------+--------+--------+-----+--------+
         Total |  20480 |  19354 |   1126 |   4693 |  11143 |  16 | 1280.0 |
       Dungeon |  19565 |  18487 |   1078 |   4254 |  10878 |  14 | 1397.5 |
        Temple |    264 |    217 |     47 |      0 |    208 |   1 |  264.0 |
       Ossuary |    650 |    650 |      0 |    439 |     57 |   1 |  650.0 |
               +--------+--------+--------+--------+--------+-----+--------+

Top non-repeatable levels by time:
     D:8: 2307 daAuts
    D:12: 2213 daAuts
    D:13: 2130 daAuts
     D:7: 1919 daAuts
     D:9: 1472 daAuts
     D:2: 1430 daAuts
    D:10: 1416 daAuts
     D:5: 1383 daAuts
    D:11: 1375 daAuts
     D:3: 1065 daAuts
     D:6: 988 daAuts
    D:14: 707 daAuts
 Ossuary: 650 daAuts
     D:1: 598 daAuts
     D:4: 556 daAuts
